 Dungeon Crawl Stone Soup version 0.25-a0-610-gd0df705f03 (console) character file.

Game seed: 18284616507224489396, levelgen mode: deterministic

430 utis the Caller (level 6, 0/36 HPs)
             Began as a Tengu Summoner on Mar 16, 2020.
             Succumbed to a scorpion's poison
             ... on level 5 of the Dungeon.
             The game lasted 00:15:53 (6675 turns).

utis the Caller (Tengu Summoner)                    Turns: 6675, Time: 00:15:54

Health: 0/36       AC:  7    Str: 14    XL:     6   Next: 99%
Magic:  11/11      EV: 13    Int: 15    God:
Gold:   107        SH:  0    Dex: 14    Spells: 1/11 levels left

rFire    . . .     SeeInvis .   a - +0 halberd
rCold    . . .     Gourm    .   (shield currently unavailable)
rNeg     + . .     Faith    .   p - +0 scale mail
rPois    .         Spirit   .   (helmet restricted)
rElec    .         Reflect  .   (no cloak)
rCorr    .         Harm     +   v - +0 pair of gloves
MR       .....                  (boots unavailable)
Stlth    +.........             f - amulet of harm
HPRegen  0.12/turn              N - ring of positive energy {=f}
MPRegen  0.12/turn              S - +3 ring of strength

@: lethally poisoned (0 -> -1), flying quickly and evasively, quick
A: beak, talons 3, able to fly
a: Stop Flying


You were on level 5 of the Dungeon.
You were not hungry.

You visited 1 branch of the dungeon, and saw 5 of its levels.

You collected 287 gold pieces.
You spent 180 gold pieces at shops.

Inventory:

Hand Weapons
 a - a +0 halberd (weapon)
 b - a +0 hunting sling
 e - a +0 dagger
 y - a +0 spear
Missiles
 d - 104 stones
 h - 10 poisoned darts
 n - 4 curare-tipped darts (quivered) {=f}
 B - 18 sling bullets
Armour
 g - a +0 robe
 j - a -1 ring mail
 l - a +1 robe of magic resistance
 o - a +0 leather armour
 p - a +0 scale mail (worn)
 v - a +0 pair of gloves (worn)
Jewellery
 f - an amulet of harm (around neck)
 N - a ring of positive energy (left hand) {=f}
 S - a +3 ring of strength (right hand)
Wands
 t - a wand of digging (2)
Scrolls
 r - a scroll of enchant armour {unknown}
 s - a scroll of magic mapping
 u - a scroll of enchant weapon
 x - 2 scrolls of identify {@r1}
Potions
 k - a potion of degeneration {@e1}
 m - a potion of stabbing
 q - 4 potions of haste {@q3}
 w - a potion of cancellation {unknown}
Comestibles
 c - 9 rations {@e1}
 i - 5 chunks of flesh


   Skills:
 - Level 2.5 Fighting
 - Level 5.2 Dodging
 - Level 2.0 Stealth
 - Level 3.0 Spellcasting
 + Level 6.5 Summonings
 + Level 0.9 Ice Magic


You had one spell level left.
You knew the following spells:

 Your Spells              Type           Power        Failure   Level  Hunger
b - Summon Ice Beast      Ice/Summ       ##......     89%         4    #####..
f - Call Canine Familiar  Summ           ###.....     19%         3    ###....
p - Call Imp              Summ           ###.....     10%         2    ##.....
z - Summon Small Mammal   Summ           ###.         6%          1    #......

Your spell library contained the following spells:

 Spells                   Type           Power        Failure   Level  Hunger
 Summon Guardian Golem    Hex/Summ       ##......     56%         3    ###....
 Summon Lightning Spire   Summ/Air       ##......     93%         4    #####..


Dungeon Overview and Level Annotations

Branches:
Dungeon (5/15)             Temple (0/1) D:4

Altars:
Ru
Uskayaw
Xom

Shops:
D:4 ?

Annotations:
D:4 1 runed translucent door, Gruesome's ghost, amateur SpEn


Innate Abilities, Weirdness & Mutations

You have a beak for a mouth.
You have claws for feet.
You can fly continuously.


Message History

The slave hits you but does no damage.
You hit the slave but do no damage. Your peck misses the slave.
You feel sick. The slave hits you but does no damage.
You barely miss the slave. Your kick misses the slave.
You peck the slave, but do no damage. The slave barely misses you. x2
You closely miss the slave.
You feel sick. The slave barely misses you.
You closely miss the slave. You claw the slave. Your peck misses the slave.
The slave is lightly wounded.
The slave hits you.
* * * LOW HITPOINT WARNING * * *
The slave closely misses you.
You closely miss the slave. Your peck misses the slave.
The slave is lightly wounded.
The slave misses you.
You miss the slave. Your peck misses the slave.
The slave is lightly wounded.
You feel sick. The slave hits you!
* * * LOW HITPOINT WARNING * * *
The slave barely misses you.
You die...

.......▒▒▒▒▒...
▒.▒
.....▒...▒▒..▒
▒.▒
....▒▒▒▒.▒▒.▒
▒▒†▒ ...▒▒
▒▒.▒..▒ ▒>.▒
▒▒.▒▒▒▒....▒▒
▒.▒▒
...▒▒.÷....▒▒
▒.▒
▒▒▒...▒▒▒▒..▒
▒p▒ ▒ ▒.▒▒▒
▒▒.▒▒▒▒.▒ ▒.▒
▒...▒▒Q▒ .>▒
▒▒▒....▒ ▒▒▒▒
▒▒..▒▒ ▒..▒
▒▒.▒ ▒▒▒


You could see a slave.

Vanquished Creatures
  An ogre (D:4)
  2 scorpions
  A bullfrog skeleton (D:3)
  A gnoll (D:4)
  5 worms
  8 leopard geckos
  2 orcs
  4 giant cockroaches
  10 hobgoblins
  12 jackals
  9 kobolds
  2 quokkas
  3 ball pythons
  11 bats
  5 frilled lizards
  5 goblins
  9 rats
90 creatures vanquished.

Vanquished Creatures (collateral kills)
  A jelly (D:4)
  A hound (D:4)
  Jessica (D:3)
  A worker ant (D:4)
  2 gnolls (D:4)
  3 adders
  2 worms
  A bat (D:1)
  A hobgoblin (D:1)
  A kobold (D:1)
  A rat (D:1)
15 creatures vanquished.

Grand Total: 105 creatures vanquished

Notes
Turn   | Place    | Note
-------+----------+-------------------------------------------
     0 | D:1      | utis the Tengu Summoner began the quest for the Orb.
     0 | D:1      | Reached XP level 1. HP: 10/10 MP: 4/4
   360 | D:1      | Reached skill level 5 in Summonings
   387 | D:1      | mm
   417 | D:1      | Reached XP level 2. HP: 9/15 MP: 6/6
   726 | D:1      | Learned a level 2 spell: Call Imp
  1607 | D:2      | Reached XP level 3. HP: 16/20 MP: 7/7
  2026 | D:2      | Learned a level 3 spell: Call Canine Familiar
  2039 | D:2      | Reached skill level 1 in Fighting
  2522 | D:2      | Reached XP level 4. HP: 25/25 MP: 8/8
  3070 | D:3      | Noticed Jessica
  3073 | D:3      | Killed Jessica
  3473 | D:3      | Gained mutation: You can fly continuously. [Tengu growth]
  3473 | D:3      | Reached XP level 5. HP: 22/29 MP: 9/9
  4497 | D:3      | Found a shimmering altar of Xom.
  4501 | D:3      | Found a hide-covered altar of Uskayaw.
  4617 | D:4      | Noticed an ogre
  4661 | D:4      | Found a runed translucent door.
  4719 | D:4      | Noticed Gruesome's ghost (amateur SpEn)
  4742 | D:4      | Found a sacrificial altar of Ru.
  4825 | D:4      | Found Koilof's Magic Scroll Boutique.
  4904 | D:4      | Bought a scroll of identify for 24 gold pieces
  4904 | D:4      | Bought a scroll of identify for 24 gold pieces
  4904 | D:4      | Bought a scroll of magic mapping for 42 gold pieces
  4904 | D:4      | Bought a scroll of enchant weapon for 90 gold pieces
  5082 | D:4      | Reached skill level 6 in Summonings
  5186 | D:4      | Reached skill level 5 in Dodging
  5186 | D:4      | Reached XP level 6. HP: 35/36 MP: 10/10
  5343 | D:4      | Found a staircase to the Ecumenical Temple.
  6114 | D:4      | Learned a level 4 spell: Summon Ice Beast
  6302 | D:5      | Entered Level 5 of the Dungeon
  6425 | D:5      | fff
  6634 | D:5      | Noticed a slave
  6671 | D:5      | HP: 1/36 [slave[Pikel] (9)]
  6675 | D:5      | Succumbed to a scorpion's poison

Levels and vault maps discovered:
D:1:      kennysheep_arrival_seaside, layout_loops_ring
D:2:      layout_basic, skrybe_limestone_x, patterned_corridor
D:3:      layout_loops_ring, nicolae_overflow_hidden_temple, first_ration,
          uniq_jessica
D:4:      layout_loops_corners, minmay_temple_entry_hall, ebering_ghost_sewer_d,
          serial_shops, nicolae_shop_waterfront, nicolae_ru_sacrificial_ziggurat
D:5:      layout_rooms, fedhas_altar_4, uniq_grinder, uniq_pikel

Skill      XL: |  1  2  3  4  5  6 |
---------------+-------------------+-----
Summonings     | 5 6 |  6.5
Dodging        | 3 4 5 |  5.2
Fighting       | 1 2 |  2.5
Spellcasting   | 3 |  3.0
Stealth        | |  2.0
Ice Magic      | |  0.9

Action                   |  1- 3 |  4- 6 || total
-------------------------+-------+-------++-------
Melee: Unarmed           |    11 |       ||    11
       Dagger            |     3 |       ||     3
       Kick              |     7 |    28 ||    35
       Peck              |     6 |     9 ||    15
       Spear             |    66 |    85 ||   151
       Halberd           |       |    28 ||    28
 Fire: Hunting sling     |       |   108 ||   108
Throw: Boomerang         |    65 |       ||    65
       Stone             |    21 |     9 ||    30
       Dart              |       |     1 ||     1
 Cast: Summon Small Mamm |     8 |       ||     8
       Call Imp          |     2 |    19 ||    21
 Abil: Fly               |       |     2 ||     2
       Stop Flying       |       |     1 ||     1
  Use: Scroll            |       |     7 ||     7
  Eat: Chunk             |     5 |    14 ||    19
Armor: Robe              |    10 |     2 ||    12
       Scale mail        |       |    35 ||    35
Dodge: Dodged            |    55 |   100 ||   155

Table legend:
 A = Non-vault XP
 B = Vault XP
 C = Vault XP percentage of total XP
 D = Non-vault monster count
 E = Vault monster count
 F = Vault count percentage of total count
                 A         B        C        D         E       F
            +---------+---------+-------+---------+---------+-------
      Total |     596 |      19 |   3.1 |     104 |       1 |   1.0
            +---------+---------+-------+---------+---------+-------
        D:1 |      33 |       0 |   0.0 |      23 |       0 |   0.0
        D:2 |      60 |       0 |   0.0 |      28 |       0 |   0.0
        D:3 |      99 |      19 |  16.1 |      27 |       1 |   3.6
        D:4 |     337 |       0 |   0.0 |      18 |       0 |   0.0
        D:5 |      67 |       0 |   0.0 |       8 |       0 |   0.0
            +---------+---------+-------+---------+---------+-------
